 Dungeon Crawl Stone Soup version 0.22-a0-596-gfbd32a6 (webtiles) character file.

30 iamserjio the Skirmisher (level 3, -1/29 HPs)
             Began as a Demonspawn Berserker on July 5, 2018.
             Was a Follower of Trog.
             Slain by a goblin (3 damage)
             ... on level 3 of the Dungeon.
             The game lasted 00:01:50 (268 turns).

iamserjio the Skirmisher (Demonspawn Berserker)      Turns: 268, Time: 00:01:51

Health: -1/29      AC:  2    Str: 18    XL:     3   Next: 3%
Magic:  3/3        EV: 12    Int:  8    God:    Trog [*.....]
Gold:   60         SH:  0    Dex: 12    Spells: 2/2 levels left

rFire    . . .     SeeInvis .   a - +0 hand axe
rCold    . . .     Gourm    .   (no shield)
rNeg     . . .     Faith    .   b - +0 animal skin
rPois    .         Spirit   .   (helmet restricted)
rElec    .         Reflect  .   (no cloak)
rCorr    .         Harm     .   (no gloves)
MR       .....                  (no boots)
Stlth    +.........             (no amulet)
HPRegen  0.09/turn              (no ring)
MPRegen  0.08/turn              (no ring)

@: berserk cooldown
A: claws 1, horns 1
a: Berserk, Renounce Religion


You were on level 3 of the Dungeon.
You worshipped Trog.
Trog was aware of your devotion.
You were hungry.

You visited 1 branch of the dungeon, and saw 3 of its levels.

You collected 60 gold pieces.

Inventory:

Hand Weapons
 a - a +0 hand axe (weapon)
Armour
 b - a +0 animal skin (worn)
Jewellery
 f - a +1 ring of evasion {unknown}
Scrolls
 e - a scroll of teleportation {unknown}
 g - a scroll of amnesia {unknown}
 i - a scroll of identify {unknown}
Potions
 d - a potion of haste {unknown}
Comestibles
 c - a ration
 h - 5 chunks of flesh


   Skills:
 + Level 3.3 Fighting
 * Level 3.3 Axes
 + Level 2.2 Armour
 - Level 1.7 Dodging


You had 2 spell levels left.
You didn't know any spells.
Your spell library contained the following spells:

 Spells                   Type           Power        Failure   Level  Hunger
 Spider Form              Tmut/Pois      #.........   78%         3    ####...
 Blade Hands              Tmut           #.........   100%        5    ######.
 Ice Form                 Ice/Tmut       #.......     99%         4    #####..
 Sticks to Snakes         Tmut           #.......     54%         2    ###....
 Beastly Appendage        Tmut           #.....       41%         1    ##.....


Dungeon Overview and Level Annotations

Branches:
Dungeon (2/15)

Altars:


Innate Abilities, Weirdness & Mutations

You have sharp fingernails.
You have a pair of small horns on your head.


Message History

You hit the giant cockroach.
Your headbutt misses the giant cockroach.
The giant cockroach is almost dead.
The giant cockroach misses you.
You closely miss the giant cockroach.
You kill the giant cockroach!
Trog accepts your kill.
A goblin comes into view. It is wielding a club.
A goblin comes into view.
The goblin shouts! x2
The goblin unwields an uncursed club.
The goblin wields a hunting sling.
The goblin shoots a stone.
The stone hits you.
* * * LOW HITPOINT WARNING * * *
The goblin hits you.
* * * LOW HITPOINT WARNING * * *
The goblin shoots a stone.
The stone barely misses you.
You hit the goblin.
The goblin is moderately wounded.
The goblin hits you.
You die...

##.### #.....# #......#
#.# #.....# #..#...#
###.#### #.....# ##.###..#
.......########## #.# ##.#
.##.##.#.## #### ##.###..#
#.##.^..###... #..#.#.#
#............. #......#
####....###..g#######.####
#.#.#......@..# #.#
..###.........####.# ####
#..............#
####g..######### #... #...
####


You could see 2 goblins.

Vanquished Creatures
  An adder (D:2)
  A worm (D:3)
  2 leopard geckos (D:2)
  2 giant cockroaches (D:3)
  2 goblins
  A hobgoblin (D:2)
  4 jackals (D:1)
  A kobold (D:3)
  A rat (D:2)
15 creatures vanquished.

Notes
Turn   | Place    | Note
-------+----------+-------------------------------------------
     0 | D:1      | iamserjio the Demonspawn Berserker began the quest for the Orb.
     0 | D:1      | Reached XP level 1. HP: 18/18 MP: 1/1
   112 | D:2      | Gained mutation: You have a pair of small horns on your head. [demonic ancestry]
   112 | D:2      | Reached XP level 2. HP: 24/24 MP: 2/2
   187 | D:2      | You fall through a shaft!
   240 | D:3      | Gained mutation: You have sharp fingernails. [demonic ancestry]
   240 | D:3      | Reached XP level 3. HP: 2/29 MP: 3/3
   268 | D:3      | Slain by a goblin

Vault maps used:
D:1:      minmay_arrival_stone_box
D:3:      first_ration, kennysheep_generic_room_14

Skill      XL: |  1 |
---------------+----+-----
Axes           | 3 |  3.3
Armour         | 2 |  2.2
Fighting       | |  3.3
Dodging        | |  1.7

Action                   || total
-------------------------++-------
Melee: Hand axe          ||    36
       Headbutt          ||     4
Invok: Berserk           ||     3
Armor: Animal skin       ||     7
Dodge: Dodged            ||    25

Table legend:
 A = Spawn XP
 B = Non-spawn XP
 C = Spawn XP percentage of total XP
 D = Spawn monster count
 E = Non-spawn monster count
 F = Spawn count percentage of total count
 G = Total turns spent on level
                    A         B        C        D         E        F      G
               +---------+---------+-------+---------+---------+-------+---------
         Total |       0 |      43 |   0.0 |       0 |      15 |   0.0 |   268
               +---------+---------+-------+---------+---------+-------+---------
           D:1 |       0 |      10 |   0.0 |       0 |       5 |   0.0 |   107
           D:2 |       0 |      23 |   0.0 |       0 |       6 |   0.0 |    80
           D:3 |       0 |      10 |   0.0 |       0 |       4 |   0.0 |    81
               +---------+---------+-------+---------+---------+-------+---------
